| TOP OF THE 1ST |
|
Greensboro Grasshoppers batting - Pitching for Binghamton Mets : RHP Antonio Perez
|
|
Pitching: RHP Antonio Perez
|
|
|
Batting: RHB Rafael Irizarry
|
0-0: Ball 1-0: Ball 2-0: Reached on error, E6 (Groundball, 6, EV 81.9 MPH)
|
|
Batting: LHB Angelo Estrella
|
0-0: Foul Ball, location: 2F 0-1: Foul Ball, location: 2F 0-2: Strikes out swinging
|
|
Batting: RHB Nate Crofts
|
0-0: Called Strike Rafael Irizarry steals 2nd base 0-1: Ball Rafael Irizarry steals 3rd base 1-1: Called Strike 1-2: Foul Ball, location: 2F 1-2: Strikes out swinging
|
|
Batting: LHB Justin Blakely
|
0-0: Foul Ball, location: 2F 0-1: Ball 1-1: Ground out 4-3 (Groundball, 4S, EV 83.1 MPH)
|
| Top of the 1st over - 0 runs, 0 hits, 1 error, 1 left on base; Greensboro 0 - Binghamton 0 |
| BOTTOM OF THE 1ST |
|
Binghamton Mets batting - Pitching for Greensboro Grasshoppers : LHP Mike Wasson
|
|
Pitching: LHP Mike Wasson
|
|
|
Batting: RHB Oscar Bravo
|
0-0: Ball 1-0: Swinging Strike 1-1: Foul Ball, location: 2F 1-2: Strikes out swinging
|
|
Batting: SHB Jason Evans
|
0-0: Foul Ball, location: 2F 0-1: Ball 1-1: SINGLE (Flyball, 34D, EV 88.8 MPH)
|
|
Batting: LHB Bayesa Mundhir
|
0-0: Ball 1-0: Foul Ball, location: 2F 1-1: Swinging Strike 1-2: Foul Ball, location: 2F 1-2: Ball 2-2: Strikes out swinging
|
|
Batting: RHB Mike Hanks
|
0-0: Ball 1-0: Fly out, F8 (Flyball, 8LD, EV 106.2 MPH)
|
| Bottom of the 1st over - 0 runs, 1 hit, 0 errors, 1 left on base; Greensboro 0 - Binghamton 0 |
| TOP OF THE 2ND |
|
Greensboro Grasshoppers batting - Pitching for Binghamton Mets : RHP Antonio Perez
|
|
Batting: RHB Chris Alft
|
0-0: Called Strike 0-1: Ball 1-1: Called Strike 1-2: Foul Ball, location: 2F 1-2: Foul Ball, location: 2F 1-2: Ground out 5-3 (Groundball, 56, EV 103.1 MPH)
|
|
Batting: LHB Ryan Thompson
|
0-0: Called Strike 0-1: Swinging Strike 0-2: Foul Ball, location: 2F 0-2: Ball 1-2: Strikes out looking
|
|
Batting: LHB Jose Cabello
|
0-0: Ball 1-0: Ball 2-0: Foul Ball, location: 2F 2-1: Swinging Strike 2-2: Strikes out swinging
|
| Top of the 2nd over - 0 runs, 0 hits, 0 errors, 0 left on base; Greensboro 0 - Binghamton 0 |
| BOTTOM OF THE 2ND |
|
Binghamton Mets batting - Pitching for Greensboro Grasshoppers : LHP Mike Wasson
|
|
Batting: LHB Dan Bremseth
|
0-0: Ball 1-0: Ground out 6-3 (Groundball, 6, EV 87.5 MPH)
|
|
Batting: RHB Nate Henderson
|
0-0: Called Strike 0-1: SINGLE (Groundball, 6MD, EV 109.4 MPH)
|
|
Batting: LHB Zane Kelton
|
0-0: Ball 1-0: Called Strike 1-1: Foul Ball, location: 2F 1-2: Foul Ball, location: 2F 1-2: Ball 2-2: Ball 3-2: Base on Balls Nate Henderson to second
|
|
Batting: RHB Gang-sheng Chew
|
0-0: Ground out 5-3 (Groundball, 56S, EV 65.0 MPH) Nate Henderson to third Zane Kelton to second
|
|
Batting: LHB Jamel Alexander
|
0-0: Ball 1-0: SINGLE (Groundball, 4MD, EV 96.2 MPH) Nate Henderson scores Zane Kelton to third Runner from 3rd tries for Home, throw by CF and OUT! 8-2
|
| Bottom of the 2nd over - 1 run, 2 hits, 0 errors, 1 left on base; Greensboro 0 - Binghamton 1 |
| TOP OF THE 3RD |
|
Greensboro Grasshoppers batting - Pitching for Binghamton Mets : RHP Antonio Perez
|
|
Batting: RHB Dennis Coppolino
|
0-0: Ball 1-0: Ball 2-0: Fly out, F8 (Flyball, 8LS, EV 73.1 MPH)
|
|
Batting: RHB Nick Dunton
|
0-0: Ball 1-0: Foul Ball, location: 2F 1-1: Foul Ball, location: 2F 1-2: Ball 2-2: Foul Ball, location: 2F 2-2: Ground out 4-3 (Groundball, 4S, EV 92.5 MPH)
|
|
Batting: RHB Rafael Irizarry
|
0-0: Swinging Strike 0-1: Ball 1-1: Called Strike 1-2: Strikes out swinging
|
| Top of the 3rd over - 0 runs, 0 hits, 0 errors, 0 left on base; Greensboro 0 - Binghamton 1 |
| BOTTOM OF THE 3RD |
|
Binghamton Mets batting - Pitching for Greensboro Grasshoppers : LHP Mike Wasson
|
|
Now in CF: Harrie de Kam
|
|
|
Batting: RHB Oscar Bravo
|
0-0: Ball 1-0: Called Strike 1-1: Called Strike 1-2: Strikes out swinging
|
|
Pitching: RHP Adam Brown
|
|
|
Batting: SHB Jason Evans
|
0-0: Ball 1-0: Called Strike 1-1: Ball 2-1: Swinging Strike 2-2: SINGLE (Line Drive, 8LS, EV 98.8 MPH)
|
|
Batting: LHB Bayesa Mundhir
|
0-0: Ball 1-0: Called Strike Jason Evans steals 2nd, throwing error, E2 Jason Evans to third 1-1: Swinging Strike 1-2: Foul Ball, location: 2F 1-2: Foul Ball, location: 2F 1-2: Fly out, F9 (Flyball, 89M, EV 90.6 MPH)
|
|
Batting: RHB Mike Hanks
|
0-0: Fly out, F9 (Flyball, 9S, EV 78.1 MPH)
|
| Bottom of the 3rd over - 0 runs, 1 hit, 1 error, 1 left on base; Greensboro 0 - Binghamton 1 |
| TOP OF THE 4TH |
|
Greensboro Grasshoppers batting - Pitching for Binghamton Mets : RHP Antonio Perez
|
|
Batting: LHB Angelo Estrella
|
0-0: Called Strike 0-1: Ball 1-1: Ball 2-1: Foul Ball, location: 2F 2-2: Foul Ball, location: 2F 2-2: Foul Ball, location: 2F 2-2: Strikes out looking
|
|
Batting: RHB Nate Crofts
|
0-0: Called Strike 0-1: Swinging Strike 0-2: Ball 1-2: Foul Ball, location: 2F 1-2: Ball 2-2: Strikes out looking
|
|
Batting: LHB Justin Blakely
|
0-0: Ball 1-0: Called Strike 1-1: Called Strike 1-2: Ball 2-2: Strikes out swinging
|
| Top of the 4th over - 0 runs, 0 hits, 0 errors, 0 left on base; Greensboro 0 - Binghamton 1 |
| BOTTOM OF THE 4TH |
|
Binghamton Mets batting - Pitching for Greensboro Grasshoppers : RHP Adam Brown
|
|
Batting: LHB Dan Bremseth
|
0-0: Ball 1-0: Ball 2-0: Swinging Strike 2-1: Ball 3-1: Base on Balls
|
|
Batting: RHB Nate Henderson
|
0-0: Ball 1-0: Foul Ball, location: 2F 1-1: Foul Ball, location: 2F 1-2: Foul Ball, location: 2F 1-2: Ball 2-2: Ball 3-2: Strikes out swinging
|
|
Pitching: RHP Joe Lynn
|
|
|
Batting: LHB Zane Kelton
|
0-0: Called Strike 0-1: Ball 1-1: Swinging Strike 1-2: Grounds into double play, 6-4-3 (Groundball, 6, EV 81.9 MPH)
|
| Bottom of the 4th over - 0 runs, 0 hits, 0 errors, 0 left on base; Greensboro 0 - Binghamton 1 |
| TOP OF THE 5TH |
|
Greensboro Grasshoppers batting - Pitching for Binghamton Mets : RHP Antonio Perez
|
|
Batting: RHB Chris Alft
|
0-0: Called Strike 0-1: Ball 1-1: Called Strike 1-2: Ball 2-2: Strikes out looking
|
|
Batting: LHB Ryan Thompson
|
0-0: Ball 1-0: Called Strike 1-1: Foul Ball, location: 2F 1-2: Ball 2-2: Strikes out swinging
|
|
Batting: RHB Harrie de Kam
|
0-0: Ball 1-0: SINGLE (Line Drive, 5D, EV 107.5 MPH)
|
|
Batting: RHB Dennis Coppolino
|
0-0: Called Strike 0-1: Swinging Strike 0-2: Ball 1-2: Strikes out swinging
|
| Top of the 5th over - 0 runs, 1 hit, 0 errors, 1 left on base; Greensboro 0 - Binghamton 1 |
| BOTTOM OF THE 5TH |
|
Binghamton Mets batting - Pitching for Greensboro Grasshoppers : RHP Joe Lynn
|
|
Batting: RHB Gang-sheng Chew
|
0-0: Ball 1-0: Ball 2-0: SINGLE (Flyball, 9LS, EV 88.8 MPH)
|
|
Batting: LHB Jamel Alexander
|
0-0: Ball 1-0: Foul Ball, location: 2F 1-1: Called Strike 1-2: Ball 2-2: SINGLE (Groundball, 6D, EV 105.0 MPH) Gang-sheng Chew to second
|
|
Batting: RHB Oscar Bravo
|
0-0: Swinging Strike 0-1: Ball 1-1: Ball 2-1: Called Strike 2-2: Ball 3-2: Base on Balls Gang-sheng Chew to third Jamel Alexander to second
|
|
Pitching: RHP Mike Yorke
|
|
|
Batting: SHB Jason Evans
|
0-0: Ball 1-0: Fly out, F8 (Flyball, 8RD, EV 95.0 MPH) Runner from 3rd tags up, SCORES, throw by CF
|
|
Batting: LHB Bayesa Mundhir
|
0-0: Swinging Strike 0-1: Swinging Strike 0-2: Ball 1-2: Strikes out swinging
|
|
Batting: RHB Mike Hanks
|
0-0: Ball 1-0: 3-RUN HOME RUN (Flyball, 89XD, EV 108.1 MPH), Distance : 422 ft
|
|
Batting: LHB Dan Bremseth
|
0-0: Swinging Strike 0-1: Ball 1-1: Foul Ball, location: 2F 1-2: Foul Ball, location: 2F 1-2: Foul Ball, location: 2F 1-2: Ball 2-2: Ball 3-2: Foul Ball, location: 2F 3-2: Base on Balls
|
|
Batting: RHB Nate Henderson
|
0-0: Ball Wild Pitch! Dan Bremseth to second 1-0: Called Strike 1-1: Called Strike 1-2: Foul Ball, location: 2F 1-2: Ball 2-2: Strikes out swinging
|
| Bottom of the 5th over - 4 runs, 3 hits, 0 errors, 1 left on base; Greensboro 0 - Binghamton 5 |
| TOP OF THE 6TH |
|
Greensboro Grasshoppers batting - Pitching for Binghamton Mets : RHP Antonio Perez
|
|
Batting: RHB Nick Dunton
|
0-0: Swinging Strike 0-1: Ball 1-1: Ball 2-1: Ball 3-1: Base on Balls
|
|
Batting: RHB Rafael Irizarry
|
0-0: Called Strike 0-1: Swinging Strike 0-2: Ball 1-2: Ball 2-2: Foul Ball, location: 2F 2-2: SINGLE (Line Drive, 7S, EV 99.4 MPH) Nick Dunton to second
|
|
Batting: LHB Angelo Estrella
|
0-0: Called Strike 0-1: Swinging Strike 0-2: Ball 1-2: Ball 2-2: Strikes out swinging
|
|
Batting: RHB Nate Crofts
|
0-0: Ball 1-0: Ball 2-0: Swinging Strike 2-1: Swinging Strike 2-2: Strikes out looking
|
|
Batting: LHB Justin Blakely
|
0-0: Called Strike 0-1: Foul Ball, location: 2F 0-2: Foul Ball, location: 2F 0-2: 3-RUN HOME RUN (Flyball, 9LD, EV 95.0 MPH), Distance : 359 ft
|
|
Batting: RHB Chris Alft
|
0-0: Ball 1-0: Fly out, F8 (Line Drive, 8RM, EV 95.0 MPH)
|
| Top of the 6th over - 3 runs, 2 hits, 0 errors, 0 left on base; Greensboro 3 - Binghamton 5 |
| BOTTOM OF THE 6TH |
|
Binghamton Mets batting - Pitching for Greensboro Grasshoppers : RHP Mike Yorke
|
|
Pitching: RHP Dan Durand
|
|
|
Batting: LHB Zane Kelton
|
0-0: Ball 1-0: Fly out, F9 (Line Drive, 9, EV 105.0 MPH)
|
|
Batting: RHB Gang-sheng Chew
|
0-0: Hit by Pitch
|
|
Batting: LHB Jamel Alexander
|
0-0: Foul Ball, location: 2F 0-1: Called Strike 0-2: Foul Ball, location: 2F 0-2: Foul Ball, location: 2F 0-2: Ball 1-2: SINGLE (Line Drive, 9S, EV 107.5 MPH) Gang-sheng Chew to second
|
|
Batting: RHB Oscar Bravo
|
0-0: Ball 1-0: Called Strike 1-1: Foul Ball, location: 2F 1-2: Grounds into double play, 6-4-3 (Groundball, 6, EV 84.4 MPH)
|
| Bottom of the 6th over - 0 runs, 1 hit, 0 errors, 1 left on base; Greensboro 3 - Binghamton 5 |
| TOP OF THE 7TH |
|
Greensboro Grasshoppers batting - Pitching for Binghamton Mets : RHP Antonio Perez
|
|
Batting: LHB Ryan Thompson
|
0-0: Foul Ball, location: 2F 0-1: Called Strike 0-2: Strikes out swinging
|
|
Pitching: RHP Wei-hong Qi
|
|
|
Batting: RHB Harrie de Kam
|
0-0: Called Strike 0-1: Ball 1-1: Foul Ball, location: 2F 1-2: Ball 2-2: Foul Ball, location: 2F 2-2: Strikes out swinging
|
|
Batting: RHB Dennis Coppolino
|
0-0: Ball 1-0: Ball 2-0: Ground out 4-3 (Groundball, 4MD, EV 82.5 MPH)
|
| Top of the 7th over - 0 runs, 0 hits, 0 errors, 0 left on base; Greensboro 3 - Binghamton 5 |
| BOTTOM OF THE 7TH |
|
Binghamton Mets batting - Pitching for Greensboro Grasshoppers : RHP Dan Durand
|
|
Pitching: RHP Bill Padgett
|
|
|
Batting: SHB Jason Evans
|
0-0: Ball 1-0: Foul Ball, location: 2F 1-1: Fly out, F8 (Flyball, 8LD, EV 103.1 MPH)
|
|
Batting: LHB Bayesa Mundhir
|
0-0: Foul Ball, location: 2F 0-1: SINGLE (Groundball, 34D, EV 98.8 MPH)
|
|
Batting: RHB Mike Hanks
|
0-0: Called Strike 0-1: Ball 1-1: Swinging Strike 1-2: Strikes out swinging
|
|
Batting: LHB Dan Bremseth
|
0-0: Called Strike 0-1: Swinging Strike 0-2: SINGLE (Groundball, 5S, EV 68.1 MPH) (infield hit) Bayesa Mundhir to second
|
|
Batting: RHB Nate Henderson
|
0-0: 3-RUN HOME RUN (Flyball, 78XD, EV 100.0 MPH), Distance : 397 ft
|
|
Batting: LHB Zane Kelton
|
0-0: Ball 1-0: SINGLE (Flyball, 56D, EV 90.6 MPH)
|
|
Batting: RHB Gang-sheng Chew
|
0-0: Ball 1-0: Ball 2-0: Ball 3-0: Base on Balls Zane Kelton to second
|
|
Pitching: RHP Felix Moreno
|
|
|
Batting: LHB Jamel Alexander
|
0-0: Swinging Strike 0-1: Swinging Strike 0-2: Ball 1-2: Ball 2-2: Strikes out looking
|
| Bottom of the 7th over - 3 runs, 4 hits, 0 errors, 2 left on base; Greensboro 3 - Binghamton 8 |
| TOP OF THE 8TH |
|
Greensboro Grasshoppers batting - Pitching for Binghamton Mets : RHP Wei-hong Qi
|
|
Batting: RHB Nick Dunton
|
0-0: SINGLE (Groundball, 34D, EV 97.5 MPH)
|
|
Batting: RHB Rafael Irizarry
|
0-0: Ball 1-0: Ball 2-0: Called Strike 2-1: Called Strike 2-2: Ball 3-2: Foul Ball, location: 2F 3-2: Foul Ball, location: 2F 3-2: Foul Ball, location: 2F 3-2: Base on Balls Nick Dunton to second
|
|
Batting: LHB Angelo Estrella
|
0-0: Called Strike 0-1: Ball 1-1: Foul Ball, location: 2F 1-2: Ball 2-2: Strikes out swinging
|
|
Pinch Hitting: LHB Ryan Karg
|
0-0: Called Strike 0-1: Ball 1-1: Swinging Strike 1-2: Ball 2-2: SINGLE (Groundball, 4MD, EV 108.1 MPH) Nick Dunton to third Rafael Irizarry to second
|
|
Batting: LHB Justin Blakely
|
0-0: Ball 1-0: Grounds into double play, 5-4-3 (Groundball, 56, EV 82.5 MPH)
|
| Top of the 8th over - 0 runs, 2 hits, 0 errors, 2 left on base; Greensboro 3 - Binghamton 8 |
| BOTTOM OF THE 8TH |
|
Binghamton Mets batting - Pitching for Greensboro Grasshoppers : RHP Felix Moreno
|
|
Now at 1B: Ryan Karg
|
|
|
Batting: RHB Oscar Bravo
|
0-0: Ball 1-0: Ball 2-0: Ball 3-0: Base on Balls
|
|
Batting: SHB Jason Evans
|
0-0: Called Strike Oscar Bravo steals 2nd base 0-1: DOUBLE (Line Drive, 7LS, EV 96.9 MPH) Oscar Bravo scores
|
|
Batting: LHB Bayesa Mundhir
|
0-0: Ball 1-0: Ball 2-0: Ball 3-0: Base on Balls
|
|
Batting: RHB Mike Hanks
|
0-0: Ball 1-0: Called Strike 1-1: Foul Ball, location: 2F 1-2: Foul Ball, location: 2F 1-2: Ball 2-2: Grounds into double play, 4-6-3 (Groundball, 34, EV 91.9 MPH) Jason Evans to third
|
|
Batting: LHB Dan Bremseth
|
0-0: Swinging Strike 0-1: Ball 1-1: Ball 2-1: Ball 3-1: Base on Balls
|
|
Batting: RHB Nate Henderson
|
0-0: Ball 1-0: Called Strike 1-1: Foul Ball, location: 2F 1-2: Strikes out swinging
|
| Bottom of the 8th over - 1 run, 1 hit, 0 errors, 2 left on base; Greensboro 3 - Binghamton 9 |
| TOP OF THE 9TH |
|
Greensboro Grasshoppers batting - Pitching for Binghamton Mets : RHP Wei-hong Qi
|
|
Batting: RHB Chris Alft
|
0-0: Foul Ball, location: 2F 0-1: Foul Ball, location: 2F 0-2: Foul Ball, location: 2F 0-2: Ball 1-2: TRIPLE (Line Drive, 89XD, EV 105.0 MPH)
|
|
Batting: LHB Ryan Thompson
|
0-0: Swinging Strike 0-1: Called Strike 0-2: Strikes out swinging
|
|
Batting: RHB Harrie de Kam
|
0-0: Swinging Strike 0-1: Foul Ball, location: 2F 0-2: Ball Wild Pitch! Chris Alft scores 1-2: Foul Ball, location: 2F 1-2: Ball 2-2: Strikes out swinging
|
|
Batting: RHB Dennis Coppolino
|
0-0: Ball 1-0: Ball 2-0: Called Strike 2-1: Ball 3-1: Called Strike 3-2: Strikes out swinging
|
| Top of the 9th over - 1 run, 1 hit, 0 errors, 0 left on base; Greensboro 4 - Binghamton 9 |
|